[Event "79th UKR-ch Women 2019"]
[Site "Lutsk"]
[Date "2019.12.14"]
[Round "5.4"]
[White "Hrebenshchykova, Yelyzaveta"]
[Black "Doluhanova, Evgeniya"]
[Result "1/2-1/2"]
[ECO "C67"]
[WhiteElo "2029"]
[BlackElo "2293"]
[Annotator "NA"]
[PlyCount "97"]
[EventDate "2019.12.10"]
[EventType "tourn"]
[EventCountry "UKR"]
[SourceTitle "playchess.com"]
[Source "ChessBase"]
[SourceQuality "1"]
[TimeControl "40/5400+30:1800+30"]

1. e4 e5 2. Nf3 Nc6 3. Bb5 Nf6 4. O-O Nxe4 5. d4 Nd6 6. dxe5 Nxb5 7. a4 Nbd4 8. Nxd4 d5 9. c3 Be7 10. f4 f6 11. exf6 Bxf6 12. Nxc6 bxc6 $14 13. Re1+ Kf7 14. Be3 Re8 15. Na3 Bf5 16. Nc2 Qd7 17. a5 Rab8 18. Qc1 a6 19. Nd4 Be4 20. b4 Bh4 21. Rf1 Re7 22. f5 Bd3 23. Rf3 Kg8 24. Qd2 Be4 25. Rff1 Rf7 26. Bg5 Bxg5 27. Qxg5 c5 28. bxc5 Rb2 29. Rf2 Rxf2 30. Kxf2 Bxf5 31. Kg1 h6 32. Qg3 Qe7 33. c6 Be4 34. Rf1 Rxf1+ 35. Kxf1 Qa3 36. Qxc7 Qxc3 37. Ne2 Qf6+ 38. Ke1 Qa1+ 39. Kf2 Qf6+ 40. Ke1 Qa1+ 41. Kf2 Qf6+ 42. Ke3 Bxg2 43. Qb8+ Kh7 44. c7 d4+ 45. Nxd4 Qe5+ 46. Kf2 Qxd4+ 47. Kxg2 Qd2+ 48. Kf3 Qd3+ 49. Kf2 1/2-1/2

[Event "79th UKR-ch Women 2019"]
[Site "Lutsk"]
[Date "2019.12.14"]
[Round "5.5"]
[White "Dolzhykova, Kateryna"]
[Black "Zhukova, Natalia"]
[Result "1/2-1/2"]
[ECO "C68"]
[WhiteElo "2164"]
[BlackElo "2324"]
[Annotator "NA"]
[PlyCount "46"]
[EventDate "2019.12.10"]
[EventType "tourn"]
[EventCountry "UKR"]
[SourceTitle "playchess.com"]
[Source "ChessBase"]
[SourceQuality "1"]
[TimeControl "40/5400+30:1800+30"]

1. e4 e5 2. Nf3 Nc6 3. Bb5 a6 4. Bxc6 dxc6 5. O-O Bd6 6. d4 exd4 7. Qxd4 f6 8. Be3 Ne7 9. Nbd2 Be6 10. Rad1 Ng6 11. Nc4 $11 Bxc4 12. Qxc4 Qe7 13. b4 O-O-O 14. Bc5 Rhe8 15. Rfe1 Ne5 16. Nxe5 Qxe5 17. Bxd6 Rxd6 18. Rxd6 Qxd6 19. Qf7 Qe7 20. Qxe7 Rxe7 21. f4 c5 22. bxc5 Kd7 23. Kf2 Kc6 1/2-1/2

[Event "79th UKR-ch Women 2019"]
[Site "Lutsk"]
[Date "2019.12.16"]
[Round "6"]
[White "Osmak, Iulija"]
[Black "Berdnyk, Mariia"]
[Result "1-0"]
[ECO "B38"]
[WhiteElo "2388"]
[BlackElo "2319"]
[Annotator "NA"]
[PlyCount "109"]
[EventDate "2019.??.??"]
[EventCountry "UKR"]
[SourceTitle "playchess.com"]
[Source "ChessBase"]
[SourceQuality "1"]
[TimeControl "40/5400+30:1800+30"]

1. d4 Nf6 2. c4 g6 3. Nc3 Bg7 4. e4 d6 5. h3 O-O 6. Be3 c5 7. Nf3 cxd4 8. Nxd4 Nc6 9. Be2 Nxd4 10. Bxd4 Bd7 11. O-O a6 12. a4 Bc6 13. a5 Qd7 14. Nd5 Bxd5 15. exd5 e5 16. dxe6 fxe6 17. Bf3 Rae8 18. Qb3 e5 19. Be3 e4 20. Be2 Kh8 21. Rad1 Re6 22. Rd2 Qe7 23. Rfd1 h6 24. Qa3 Ne8 25. c5 Be5 26. Bc4 Ref6 27. Bxh6 Rxf2 28. Rxf2 Rxf2 29. Kxf2 Qh4+ 30. Kg1 Qxh6 31. Bf1 e3 32. Qa4 Qf8 33. Qh4+ Kg7 34. Be2 Nf6 35. Qg5 Qe7 36. Bd3 Qe8 37. cxd6 Bxd6 38. Bxg6 Qe5 39. Qxe5 Bxe5 40. Bd3 Nh5 41. Bc4 Ng3 42. Rd7+ Kg6 43. Rxb7 Bd4 44. Kh2 e2 45. Bxe2 Nxe2 46. b4 Be5+ 47. g3 Nxg3 48. Rb6+ Kf5 49. Rxa6 Kf4 50. Kg2 Nf5 51. b5 Ne3+ 52. Kf2 Nd1+ 53. Ke1 Nc3 54. b6 Ke3 55. b7 1-0

[Event "79th UKR-ch Women 2019"]
[Site "Lutsk"]
[Date "2019.12.16"]
[Round "6"]
[White "Doluhanova, Evgeniya"]
[Black "Dolzhykova, Kateryna"]
[Result "0-1"]
[ECO "A06"]
[WhiteElo "2293"]
[BlackElo "2164"]
[Annotator "NA"]
[PlyCount "68"]
[EventDate "2019.??.??"]
[EventCountry "UKR"]
[SourceTitle "playchess.com"]
[Source "ChessBase"]
[SourceQuality "1"]
[TimeControl "40/5400+30:1800+30"]

1. Nf3 d5 2. b3 c6 3. Bb2 e6 4. d3 f5 5. Nbd2 Nf6 6. e4 dxe4 (6... Be7 $11 {remains equal.}) 7. dxe4 $16 fxe4 8. Ne5 Bb4 9. c3 Bc5 10. Qe2 Qc7 11. Ng4 Nxg4 12. Qxg4 e3 13. fxe3 O-O 14. O-O-O Bxe3 15. Bc4 Na6 16. Rhf1 Rxf1 17. Rxf1 Qd6 18. Qf3 Bxd2+ 19. Kc2 Bd7 20. Rd1 Rf8 21. Qe2 Qxh2 22. Rxd2 Be8 23. Qxe6+ Kh8 24. Ba3 Bg6+ 25. Kb2 Qf4 26. Rd1 Re8 27. Be7 b5 28. Be2 Nc7 29. Qd7 Qe4 30. Bd3 Qxe7 31. Bxg6 hxg6 32. Qh3+ Kg8 33. Rh1 Qe2+ 34. Ka1 Qh5 0-1

[Event "79th UKR-ch Women 2019"]
[Site "Lutsk"]
[Date "2019.12.16"]
[Round "6"]
[White "Babiy, Olga"]
[Black "Hrebenshchykova, Yelyzaveta"]
[Result "0-1"]
[ECO "B54"]
[WhiteElo "2258"]
[BlackElo "2029"]
[Annotator "NA"]
[PlyCount "90"]
[EventDate "2019.??.??"]
[EventCountry "UKR"]
[SourceTitle "playchess.com"]
[Source "ChessBase"]
[SourceQuality "1"]
[TimeControl "40/5400+30:1800+30"]

1. e4 c5 2. Nf3 e6 3. d4 cxd4 4. Nxd4 Nc6 5. Nc3 d6 6. g4 h6 7. Bb5 Bd7 8. Be3 a6 9. Bxc6 bxc6 10. Qe2 a5 11. a4 e5 12. Nb3 Be7 13. O-O-O Qc8 14. h3 Be6 15. Nd2 Qb7 16. f4 Rb8 17. b3 Qb4 18. Ndb1 Nf6 19. f5 Bc8 20. Bd2 Qb6 21. h4 Ba6 22. Qf3 Nd7 23. Be3 Nc5 24. Qf2 Qb4 25. Bxc5 dxc5 26. Na2 Qb7 27. Rh3 c4 28. Qd2 Qc7 29. Qc3 cxb3 30. cxb3 O-O 31. g5 hxg5 32. hxg5 Bxg5+ 33. Kb2 Qb6 34. Na3 Qf2+ 35. Ka1 Rfd8 36. Rdh1 f6 37. Rh8+ Kf7 38. Qxc6 Qd4+ 39. Nc3 Rb6 40. Qc7+ Rd7 41. Nc2 Rxc7 42. Nxd4 Rxc3 43. Rd8 Bh6 44. Ne6 Rcxb3 45. Ka2 Bc4 0-1

[Event "79th UKR-ch Women 2019"]
[Site "Lutsk"]
[Date "2019.12.16"]
[Round "6"]
[White "Rakhmangulova, Anastasiya"]
[Black "Martynkova, Olena"]
[Result "1-0"]
[ECO "B22"]
[WhiteElo "2215"]
[BlackElo "2243"]
[Annotator "NA"]
[PlyCount "71"]
[EventDate "2019.??.??"]
[EventCountry "UKR"]
[SourceTitle "playchess.com"]
[Source "ChessBase"]
[SourceQuality "1"]
[TimeControl "40/5400+30:1800+30"]

1. e4 c5 2. Nf3 e6 3. c3 Nf6 4. e5 Nd5 5. d4 cxd4 6. cxd4 d6 7. Bc4 Nc6 8. O-O Be7 9. Qe2 O-O 10. Rd1 Na5 11. Bb5 a6 12. Bd3 Nb4 13. Nc3 Nxd3 14. Rxd3 d5 15. h4 b5 16. Ng5 h6 17. Nh3 Bxh4 18. Qh5 Kh7 19. g4 Be7 20. g5 Bd7 21. Rg3 Be8 22. gxh6 g6 23. Qg4 Nc6 24. Ng5+ Bxg5 25. Bxg5 f5 26. Qh4 Qb6 27. Ne2 f4 28. Rd3 Rf5 29. Rad1 Nd8 30. Bxf4 Nf7 31. Qe7 Qd8 32. Qf8 Rg5+ 33. Rg3 Rxg3+ 34. fxg3 Nxh6 35. Qxh6+ Kg8 36. Bg5 1-0

[Event "79th UKR-ch Women 2019"]
[Site "Lutsk"]
[Date "2019.12.16"]
[Round "6"]
[White "Tsirulnik, Maritsa"]
[Black "Zhukova, Natalia"]
[Result "1/2-1/2"]
[ECO "A33"]
[WhiteElo "2119"]
[BlackElo "2324"]
[Annotator "NA"]
[PlyCount "66"]
[EventDate "2019.??.??"]
[EventCountry "UKR"]
[SourceTitle "playchess.com"]
[Source "ChessBase"]
[SourceQuality "1"]
[TimeControl "40/5400+30:1800+30"]

1. d4 Nf6 2. c4 e6 3. Nf3 c5 4. Nc3 cxd4 5. Nxd4 Nc6 6. g3 Qb6 7. Nb3 $11 Ne5 8. e4 Bb4 9. Qe2 d6 10. f4 Nc6 11. Be3 Bxc3+ 12. bxc3 Qc7 13. Bg2 e5 14. c5 dxc5 15. Bxc5 exf4 16. O-O Bg4 17. Qf2 f3 18. Bxf3 Bxf3 19. Qxf3 O-O-O 20. Bd4 h5 21. Qf5+ Kb8 22. Rab1 Ka8 23. Bxf6 gxf6 24. Qxf6 Ne5 25. Rbd1 Ng4 26. Rxd8+ Rxd8 27. Qg5 Re8 28. Qc5 Qxc5+ 29. Nxc5 b6 30. Nd3 Rxe4 31. Nf2 Rc4 32. Nxg4 hxg4 33. Rxf7 Rxc3 1/2-1/2

[Event "79th UKR-ch Women 2019"]
[Site "Lutsk"]
[Date "2019.12.17"]
[Round "7"]
[White "Zhukova, Natalia"]
[Black "Doluhanova, Evgeniya"]
[Result "1-0"]
[ECO "E04"]
[WhiteElo "2324"]
[BlackElo "2293"]
[Annotator "NA"]
[PlyCount "71"]
[EventDate "2019.??.??"]
[EventCountry "UKR"]
[SourceTitle "playchess.com"]
[Source "ChessBase"]
[SourceQuality "1"]
[TimeControl "40/5400+30:1800+30"]

1. d4 Nf6 2. c4 e6 3. g3 d5 4. Bg2 dxc4 5. Nf3 c5 6. O-O Nc6 7. dxc5 Qxd1 8. Rxd1 Bxc5 9. Nbd2 c3 10. bxc3 Bd7 11. Nb3 Bb6 12. Nfd4 Nd8 (12... O-O $11) 13. a4 a6 $1 14. a5 Ba7 15. Ba3 $14 Rc8 16. Bd6 h5 17. h3 Nd5 18. Nf5 exf5 19. Bxd5 h4 20. c4 hxg3 21. Bxg3 Rxh3 22. Nd4 g5 23. e3 Bxd4 24. Rxd4 Ne6 25. Rd2 f4 26. Kg2 Nc5 27. exf4 gxf4 28. Re1+ Kf8 29. Bxf4 Nd3 30. Bd6+ Kg7 31. Re7 Bf5 32. Rxf7+ Kg6 33. Rxf5 Rch8 34. Be4 Ne1+ 35. Kf1 Rh1+ 36. Ke2 1-0

[Event "79th UKR-ch Women 2019"]
[Site "Lutsk"]
[Date "2019.12.17"]
[Round "7"]
[White "Berdnyk, Mariia"]
[Black "Tsirulnik, Maritsa"]
[Result "1-0"]
[ECO "A62"]
[WhiteElo "2319"]
[BlackElo "2119"]
[Annotator "NA"]
[PlyCount "59"]
[EventDate "2019.??.??"]
[EventCountry "UKR"]
[SourceTitle "playchess.com"]
[Source "ChessBase"]
[SourceQuality "1"]
[TimeControl "40/5400+30:1800+30"]

1. d4 Nf6 2. c4 e6 3. g3 c5 4. d5 exd5 5. cxd5 d6 6. Nc3 g6 7. Bg2 Bg7 8. Nf3 O-O 9. O-O Re8 10. Bf4 h6 11. h3 g5 12. Be3 Bf5 13. h4 g4 (13... Rxe3 $5 14. fxe3 Qe7 $14) 14. Nd2 Qd7 (14... Rxe3 $14 15. fxe3 Bg6) 15. a4 Na6 16. Nc4 Ne4 {[#]} 17. Nb5 (17. Bxe4 $1 $18 {has better winning chances.} Bxe4 18. Bf4) 17... Bf8 18. Bf4 Nb4 $16 19. f3 gxf3 20. exf3 Nf6 21. Nbxd6 Red8 22. Be5 Nfxd5 23. f4 Bc2 24. Qd2 Nb6 25. Qc3 Nxc4 26. Nxc4 Qg4 27. Ne3 Qxg3 28. Rf3 Qxh4 29. Nxc2 Nxc2 30. Rg3+ 1-0

[Event "79th UKR-ch Women 2019"]
[Site "Lutsk"]
[Date "2019.12.17"]
[Round "7"]
[White "Martynkova, Olena"]
[Black "Osmak, Iulija"]
[Result "1/2-1/2"]
[ECO "D02"]
[WhiteElo "2243"]
[BlackElo "2388"]
[Annotator "NA"]
[PlyCount "64"]
[EventDate "2019.??.??"]
[EventCountry "UKR"]
[SourceTitle "playchess.com"]
[Source "ChessBase"]
[SourceQuality "1"]
[TimeControl "40/5400+30:1800+30"]

1. d4 e6 2. g3 d5 3. Nf3 Nf6 4. Bg2 Nbd7 5. O-O b5 6. a4 b4 7. c4 bxc3 8. bxc3 Ba6 9. Nbd2 c5 10. Ba3 Rc8 11. Rc1 Be7 12. c4 O-O 13. cxd5 Nxd5 14. Ne4 $11 Qa5 15. Qe1 Qxa4 16. Bxc5 Nxc5 17. Nxc5 Bxc5 18. dxc5 Qb5 19. Nd4 Qb2 20. Qa5 Qxd4 21. Qxa6 Rxc5 22. Rxc5 Qxc5 23. Bxd5 exd5 24. Ra1 Qe7 25. e3 Rb8 26. Qxa7 Rb1+ 27. Kg2 Qe4+ 28. Kh3 Qf5+ 29. Kg2 Qe4+ 30. Kh3 Qf5+ 31. Kg2 Qe4+ 32. Kh3 Qf5+ 1/2-1/2

[Event "79th UKR-ch Women 2019"]
[Site "Lutsk"]
[Date "2019.12.17"]
[Round "7"]
[White "Dolzhykova, Kateryna"]
[Black "Babiy, Olga"]
[Result "1/2-1/2"]
[ECO "C00"]
[WhiteElo "2164"]
[BlackElo "2258"]
[Annotator "NA"]
[PlyCount "68"]
[EventDate "2019.??.??"]
[EventCountry "UKR"]
[SourceTitle "playchess.com"]
[Source "ChessBase"]
[SourceQuality "1"]
[TimeControl "40/5400+30:1800+30"]

1. e4 c5 2. Nf3 e6 3. g3 Nc6 4. Bg2 Nf6 5. Qe2 d6 6. O-O Be7 7. c3 e5 {C00: French: Unusual White 2nd moves} 8. Rd1 (8. Na3 O-O 9. Nc2 Re8 10. Rd1 Bf8 11. d3 b5 12. a4 b4 13. cxb4 cxb4 {0-1 (23) Vachier Lagrave,M (2795)-Grischuk,A (2750) chess.com INT 2017}) 8... Bg4 9. Na3 O-O 10. Nc2 $146 ({Predecessor:} 10. h3 Bh5 11. d3 Re8 12. Nc4 h6 {½-½ (58) Van Foreest,J (2455)-Handke,F (2546) Germany 2014}) 10... Re8 11. Ne3 Bh5 12. Nf5 Bf8 13. d3 d5 14. exd5 Nxd5 15. Qe4 Nf6 16. Qa4 Qd7 17. Ne3 Bxf3 18. Bxf3 Nd4 19. Qxd7 Nxf3+ 20. Kg2 Nh4+ 21. Kh3 Nxd7 22. Kxh4 Rad8 23. b3 Nf6 $15 24. Bb2 Rd7 25. Kh3 Red8 26. c4 Rxd3 27. Rxd3 Rxd3 28. Bxe5 Ne4 29. Kg2 Rd2 30. Kf3 Ng5+ 31. Kg2 Ne4 32. Kf3 Ng5+ 33. Kg2 Ne4 34. Kf3 Ng5+ {Ke4} 1/2-1/2

[Event "79th UKR-ch Women 2019"]
[Site "Lutsk"]
[Date "2019.12.17"]
[Round "7"]
[White "Hrebenshchykova, Yelyzaveta"]
[Black "Rakhmangulova, Anastasiya"]
[Result "1-0"]
[ECO "B11"]
[WhiteElo "2029"]
[BlackElo "2215"]
[Annotator "NA"]
[PlyCount "73"]
[EventDate "2019.??.??"]
[EventCountry "UKR"]
[SourceTitle "playchess.com"]
[Source "ChessBase"]
[SourceQuality "1"]
[TimeControl "40/5400+30:1800+30"]

1. e4 c6 2. Nc3 d5 3. Nf3 dxe4 4. Nxe4 Nf6 5. Qe2 Na6 6. d4 Qd5 7. Nxf6+ gxf6 8. h3 Bf5 9. c3 e6 10. g3 Be4 11. Bg2 f5 12. Bf4 Bg7 13. O-O h5 14. h4 $16 O-O-O 15. Rfd1 Nc7 16. b4 Qb5 17. c4 Qxb4 18. Ne5 Bxg2 19. Kxg2 Qe7 20. Rab1 Qe8 21. Qb2 b6 22. c5 b5 23. Nc4 Nd5 24. Nd6+ Rxd6 25. Bxd6 Rg8 26. a4 b4 27. a5 Bf8 28. Qe2 Bxd6 29. Qa6+ Kb8 30. cxd6 Qd7 31. Rdc1 Qxd6 32. Rxc6 Ne3+ 33. Kh3 Qxd4 34. Qb5+ Ka8 35. Rxb4 Qd7 36. fxe3 f4 37. Rc2 1-0

[Event "79th UKR-ch Women 2019"]
[Site "Lutsk"]
[Date "2019.12.18"]
[Round "8.1"]
[White "Tsirulnik, Maritsa"]
[Black "Doluhanova, Evgeniya"]
[Result "0-1"]
[ECO "E01"]
[WhiteElo "2119"]
[BlackElo "2293"]
[Annotator "NA"]
[PlyCount "78"]
[EventDate "2019.12.10"]
[EventType "tourn"]
[EventCountry "UKR"]
[SourceTitle "playchess.com"]
[Source "ChessBase"]
[SourceQuality "1"]
[TimeControl "40/5400+30:1800+30"]

1. d4 Nf6 2. c4 e6 3. g3 d5 4. Bg2 dxc4 5. Qa4+ Bd7 6. Qxc4 Qc8 7. Nc3 c5 8. Nf3 a6 9. dxc5 b5 10. Qf4 Bxc5 11. Ne5 Ra7 {[%emt 0:00:23] [#]} 12. O-O ({White should try} 12. Ne4 $1 $16 Bb4+ 13. Kf1) 12... O-O $1 13. Be3 Rc7 14. Rfd1 Bxe3 15. Qxe3 b4 16. Nxd7 Nbxd7 17. Na4 Qb8 18. Rd4 $11 Qb5 19. Qb3 a5 20. e3 Rfc8 21. Rad1 g6 22. a3 Rb8 23. Bf1 Qf5 24. axb4 e5 25. R4d2 Rxb4 26. Qa2 Nc5 27. Nxc5 Rxc5 28. Bd3 e4 29. Be2 h5 30. Kg2 Ng4 31. Bxg4 Qxg4 32. Rd8+ Kg7 33. b3 Qf3+ 34. Kg1 Qf6 35. R8d5 Rxd5 36. Rxd5 a4 37. Rd2 axb3 38. Qb2 Qxb2 39. Rxb2 Kf6 0-1

[Event "79th UKR-ch Women 2019"]
[Site "Lutsk"]
[Date "2019.12.18"]
[Round "8.2"]
[White "Babiy, Olga"]
[Black "Zhukova, Natalia"]
[Result "0-1"]
[ECO "C78"]
[WhiteElo "2258"]
[BlackElo "2324"]
[Annotator "NA"]
[PlyCount "124"]
[EventDate "2019.12.10"]
[EventType "tourn"]
[EventCountry "UKR"]
[SourceTitle "playchess.com"]
[Source "ChessBase"]
[SourceQuality "1"]
[TimeControl "40/5400+30:1800+30"]

1. e4 e5 2. Nf3 Nc6 3. Bb5 a6 4. Ba4 Nf6 5. O-O b5 6. Bb3 Bc5 7. c3 d6 8. d4 Bb6 9. Bg5 h6 10. Bxf6 Qxf6 11. Bd5 Bd7 $1 12. a4 Rb8 13. axb5 axb5 14. Na3 Ne7 15. Nc2 Ng6 16. Ne3 Nf4 17. g3 $11 Nh3+ 18. Kg2 Ng5 19. Nxg5 hxg5 20. Ng4 Qg6 21. f3 c6 22. Bb3 Bxg4 23. fxg4 Qxe4+ 24. Qf3 Qxf3+ 25. Rxf3 f6 26. dxe5 dxe5 27. Bc2 Ke7 28. Rd1 Rhd8 29. Rff1 b4 30. Be4 bxc3 31. bxc3 Ba5 32. Rxd8 Rxd8 33. Bxc6 Bxc3 34. Be4 Rb8 35. Rb1 Bb2 36. Rd1 Bd4 37. Rb1 Bb2 38. Rd1 Rb4 39. Kf3 Bd4 40. Rb1 Ra4 41. Bd5 Kd6 42. Bb3 Ra7 43. h4 gxh4 44. gxh4 Rc7 45. h5 Rc3+ 46. Ke4 g6 47. hxg6 Re3+ 48. Kf5 Rf3+ 49. Ke4 Re3+ 50. Kf5 Rf3+ 51. Ke4 Rf4+ 52. Kd3 Rxg4 53. Bf7 f5 54. Rf1 Rg3+ 55. Ke2 f4 56. Rf3 Rg1 57. Kd3 Ke7 58. Ke4 Kf6 59. Rh3 Re1+ 60. Kd3 Bc5 61. Rh4 f3 62. Bc4 f2 {[%emt 0:00:16] Kd4} 0-1

[Event "79th UKR-ch Women 2019"]
[Site "Lutsk"]
[Date "2019.12.18"]
[Round "8.4"]
[White "Osmak, Iulija"]
[Black "Hrebenshchykova, Yelyzaveta"]
[Result "1/2-1/2"]
[ECO "E73"]
[WhiteElo "2388"]
[BlackElo "2029"]
[Annotator "NA"]
[PlyCount "70"]
[EventDate "2019.12.10"]
[EventType "tourn"]
[EventCountry "UKR"]
[SourceTitle "playchess.com"]
[Source "ChessBase"]
[SourceQuality "1"]
[TimeControl "40/5400+30:1800+30"]

1. d4 Nf6 2. c4 g6 3. Nc3 Bg7 4. e4 d6 5. Be2 O-O 6. Be3 e5 7. d5 Ne8 8. g4 f5 9. gxf5 gxf5 10. exf5 Bxf5 11. Nf3 Na6 12. Ng5 Nc5 13. Rg1 Kh8 14. Qd2 Nf6 $16 15. O-O-O Qe7 16. Rg3 Rg8 17. Bxc5 dxc5 18. d6 cxd6 19. Qxd6 Rge8 20. Nd5 Nxd5 21. Rxd5 Bg6 22. Qxe7 Rxe7 23. Rxc5 e4 24. Rg2 Rd8 25. h4 h6 26. h5 Bxh5 27. Bxh5 hxg5 28. Bg4 Be5 29. Rd5 Rf8 30. Kc2 Kg7 31. b3 Rh8 32. Bf5 Bf4 33. Rd4 e3 34. fxe3 Bxe3 35. Re4 Rxe4 1/2-1/2

[Event "79th UKR-ch Women 2019"]
[Site "Lutsk"]
[Date "2019.12.18"]
[Round "8.5"]
[White "Berdnyk, Mariia"]
[Black "Martynkova, Olena"]
[Result "1/2-1/2"]
[ECO "D11"]
[WhiteElo "2319"]
[BlackElo "2243"]
[Annotator "NA"]
[PlyCount "47"]
[EventDate "2019.12.10"]
[EventType "tourn"]
[EventCountry "UKR"]
[SourceTitle "playchess.com"]
[Source "ChessBase"]
[SourceQuality "1"]
[TimeControl "40/5400+30:1800+30"]

1. d4 d5 2. c4 c6 3. Nf3 Nf6 4. Qc2 e6 5. g3 Nbd7 6. Bg2 Bd6 7. O-O O-O 8. Rd1 Re8 9. Nc3 Qe7 10. b3 a6 11. e4 (11. Bb2 $16) 11... Nxe4 12. Nxe4 dxe4 13. Qxe4 e5 14. dxe5 Nxe5 15. Bb2 Bg4 16. Bxe5 Bxf3 $1 17. Qxf3 Bxe5 18. Rac1 $11 Rad8 19. Qe3 Bf6 20. Qxe7 Bxe7 21. Bf3 a5 22. Kf1 Kf8 23. Bg4 Bc5 24. Bd7 1/2-1/2

[Event "79th UKR-ch Women 2019"]
[Site "Lutsk"]
[Date "2019.12.19"]
[Round "9.1"]
[White "Martynkova, Olena"]
[Black "Tsirulnik, Maritsa"]
[Result "1/2-1/2"]
[ECO "E15"]
[WhiteElo "2243"]
[BlackElo "2119"]
[Annotator "ChessBase"]
[PlyCount "108"]
[EventDate "2019.12.10"]
[EventType "tourn"]
[EventCountry "UKR"]
[SourceTitle "playchess.com"]
[Source "ChessBase"]
[SourceQuality "1"]
[TimeControl "40/5400+30:1800+30"]

1. d4 Nf6 2. c4 e6 3. Nf3 b6 4. g3 Ba6 5. b3 Bb4+ 6. Bd2 Be7 7. Nc3 d5 8. cxd5 exd5 9. Bg2 O-O 10. O-O Bb7 11. Rc1 Ne4 12. Bf4 Nxc3 13. Rxc3 Na6 14. h4 c5 15. Qb1 Bf6 16. Rd1 Rc8 17. Bh3 Ra8 18. h5 Re8 19. Bf5 h6 20. e3 Nc7 21. Rcc1 Ne6 22. Bxe6 Rxe6 23. dxc5 bxc5 24. Rxc5 Rc8 25. b4 Rb6 26. Rxc8 Qxc8 27. Nd4 Bxd4 28. exd4 Qg4 29. Rc1 Bc8 30. f3 Qh3 31. Qc2 Bf5 32. Qd2 Re6 33. Qh2 Qxh2+ 34. Kxh2 Re2+ 35. Kg1 Rxa2 36. g4 Bd3 37. Rc5 Be2 38. Kf2 Bd1+ 39. Kg3 Ra3 40. Rc8+ Kh7 41. Bd6 Rxf3+ 42. Kg2 Rd3 43. Bc5 Bxg4 44. Rc7 Bxh5 45. Rxa7 Rb3 46. Rb7 Kg6 47. b5 Kf5 48. b6 Kf4 49. Re7 Bf3+ 50. Kg1 Rb1+ 51. Kf2 Rb2+ 52. Kg1 Rb1+ 53. Kf2 Rb2+ 54. Kg1 Rb1+ 1/2-1/2

[Event "79th UKR-ch Women 2019"]
[Site "Lutsk"]
[Date "2019.12.19"]
[Round "9.2"]
[White "Hrebenshchykova, Yelyzaveta"]
[Black "Berdnyk, Mariia"]
[Result "1/2-1/2"]
[ECO "B70"]
[WhiteElo "2029"]
[BlackElo "2319"]
[Annotator "RC"]
[PlyCount "70"]
[EventDate "2019.12.10"]
[EventType "tourn"]
[EventCountry "UKR"]
[SourceTitle "playchess.com"]
[Source "ChessBase"]
[SourceQuality "1"]
[TimeControl "40/5400+30:1800+30"]

1. e4 c5 2. Nf3 d6 3. d4 cxd4 4. Nxd4 Nf6 5. Nc3 g6 6. Bc4 Bg7 7. O-O O-O 8. Re1 Nc6 9. Nb3 Ne5 10. Bf1 Be6 11. Nd5 Rc8 12. a4 Nc4 13. a5 Bxd5 14. exd5 Qd7 15. Nd2 b5 16. axb6 Nxb6 17. c4 Ng4 18. Ra2 Qf5 19. Nf3 Nxc4 20. Rxa7 Nxb2 21. Bxb2 Bxb2 22. Raxe7 Bc3 23. R1e2 Ra8 24. Qb3 Bf6 25. Rb7 Ra1 26. Rb8 Ne5 27. Nd4 Qf4 28. Nc2 Rd1 29. Ne3 Rc1 30. Rc2 Rxc2 31. Rxf8+ Kxf8 32. Qxc2 h5 33. Be2 Kg7 34. g3 Qb4 35. Kg2 Qb6 1/2-1/2

[Event "79th UKR-ch Women 2019"]
[Site "Lutsk"]
[Date "2019.12.19"]
[Round "9.4"]
[White "Zhukova, Natalia"]
[Black "Rakhmangulova, Anastasiya"]
[Result "1/2-1/2"]
[ECO "D14"]
[WhiteElo "2324"]
[BlackElo "2215"]
[Annotator "ChessBase"]
[PlyCount "40"]
[EventDate "2019.12.10"]
[EventType "tourn"]
[EventCountry "UKR"]
[SourceTitle "playchess.com"]
[Source "ChessBase"]
[SourceQuality "1"]
[TimeControl "40/5400+30:1800+30"]

1. d4 d5 2. c4 c6 3. cxd5 cxd5 4. Nf3 Nc6 5. Nc3 Nf6 6. Bf4 Bf5 7. e3 e6 8. Bd3 Bxd3 9. Qxd3 Bd6 10. Bxd6 Qxd6 11. O-O O-O 12. Rac1 Rfc8 13. a3 a6 14. Rc2 Rc7 15. Rfc1 Rac8 16. Ne2 Ne7 17. Rxc7 Rxc7 18. Rxc7 Qxc7 19. Qc3 Qxc3 20. Nxc3 Nc6 1/2-1/2

[Event "79th UKR-ch Women 2019"]
[Site "Lutsk"]
[Date "2019.12.19"]
[Round "9.5"]
[White "Doluhanova, Evgeniya"]
[Black "Babiy, Olga"]
[Result "1-0"]
[ECO "A06"]
[WhiteElo "2293"]
[BlackElo "2258"]
[Annotator "RC"]
[PlyCount "85"]
[EventDate "2019.12.10"]
[EventType "tourn"]
[EventCountry "UKR"]
[SourceTitle "playchess.com"]
[Source "ChessBase"]
[SourceQuality "1"]
[TimeControl "40/5400+30:1800+30"]

1. Nf3 d5 2. e3 Nf6 3. c4 c6 4. b3 Bg4 5. Bb2 e6 6. h3 Bh5 7. Nc3 h6 8. cxd5 exd5 9. Bd3 Bxf3 10. Qxf3 Bd6 11. Bf5 Nbd7 12. g4 Qe7 13. Rc1 Nc5 14. b4 Ne6 15. b5 Nd4 16. Qg2 Nxf5 17. gxf5 Rg8 18. bxc6 bxc6 19. Ne2 Rc8 20. Qf3 Ne4 21. Nc3 Rb8 22. Rc2 Nxc3 23. Bxc3 Kd7 24. Ke2 Be5 25. Qg4 Bxc3 26. Rxc3 Qb4 27. f6+ Qxg4+ 28. hxg4 Rb6 29. f3 gxf6 30. Rxh6 Ke7 31. Ra3 Ra8 32. Ra5 a6 33. g5 Rg8 34. gxf6+ Kd6 35. e4 dxe4 36. fxe4 Rg2+ 37. Ke3 Rb2 38. Rh8 Kd7 39. Re5 c5 40. Re7+ Kc6 41. Rc8+ Kd6 42. Rd8+ Kc6 43. Rxf7 {[%emt 0:00:23] Kd5} 1-0